 Dungeon Crawl Stone Soup version 0.29.0-4-gdea44cf6ec (webtiles) character file.

Game seed: 8439526982318405716

212 qw the Ruffian (level 5, 0/41 HPs)
             Began as a Ghoul Fire Elementalist on Aug 29, 2022.
             Slain by Pargi (4 damage)
             ... on level 3 of the Dungeon.
             The game lasted 00:02:13 (2882 turns).

qw the Ruffian (Ghoul Fire Elementalist)            Turns: 2882, Time: 00:02:13

Health: 0/41       AC:  5    Str: 14    XL:     5   Next: 90%
Magic:  6/6        EV: 11    Int: 10    God:
Gold:   135        SH:  0    Dex: 15    Spells: 6/7 levels left

rFire   . . .      SeeInvis .     - Unarmed
rCold   + . .      Faith    .   (no shield)
rNeg    + + +      Spirit   .   k - +0 ring mail
rPois   inf        Reflect  .   (no helmet)
rElec   .          Harm     .   (no cloak)
rCorr   .          Rampage  .   (no gloves)
Will    .....                   (no boots)
Stlth   +.........              (no amulet)
HPRegen 0.00/turn               f - +6 ring of dexterity
MPRegen 0.10/turn               (no ring)

@: about to teleport, inhibited regen
A: claws 1, cold resistance 1, negative energy resistance 3, inhibited
regeneration, torment resistance 2, devour on kill
a: no special abilities


You were on level 3 of the Dungeon.
You visited 1 branch of the dungeon, and saw 3 of its levels.

You collected 135 gold pieces.


Innate Abilities, Weirdness & Mutations

You are immune to poison.
You have sharp fingernails.
Your flesh is cold resistant. (rC+)
You are immune to negative energy. (rN+++)
You do not regenerate when monsters are visible.
You are immune to unholy pain and torment.
You thrive by killing the living.


   Skills:
 - Level 2.1 Fighting
 - Level 1.1 Throwing
 - Level 1.7 Dodging
 - Level 2.1 Stealth
 + Level 5.1 Unarmed Combat
 - Level 1.7 Spellcasting
 - Level 0.7 Conjurations
 - Level 2.4 Fire Magic


You had 6 spell levels left.
You knew the following spells:

 Your Spells              Type           Power      Damage    Failure   Level
a - Foxfire               Conj/Fire      16%        2x1d4     34%         1

Your spell library contained the following spells:

 Spells                   Type           Power      Damage    Failure   Level
 Scorch                   Fire           10%        2d6       36%         2
 Conjure Flame            Conj/Fire      4%         6-21      71%         3
 Inner Flame              Hex/Fire       3%         N/A       77%         3
 Flame Wave               Conj/Fire      4%         2d5       98%         4

Inventory:

Missiles
 b - 3 javelins (quivered)
Armour
 k - a +0 ring mail (worn)
 l - a +0 helmet
Jewellery
 f - a +6 ring of dexterity (left claw)
Scrolls
 e - 3 scrolls of identify
 i - a scroll of enchant weapon
Potions
 a - a potion of haste
 d - a potion of berserk rage {unknown}
 g - a potion of flight {unknown}
 h - a potion of mutation {unknown}
 j - a potion of degeneration {unknown}

Dungeon Overview and Level Annotations

Branches:
Dungeon (3/15)

Altars:

Shops:
D:1 =   D:2 (   D:3 *

Annotations:
D:2 1 runed translucent door, Crazy Yiuf
D:3 Ijyb, Pargi


Message History

Pargi attacks as you move away! Pargi bites you! Pargi barely misses you. x2
You closely miss Pargi.
Pargi is moderately wounded.
Pargi barely misses you. Pargi claws you. Pargi claws you but does no damage.
You scratch Pargi.
Pargi is moderately wounded.
Pargi closely misses you. Pargi claws you but does no damage. Pargi claws you.
You scratch Pargi but do no damage.
Pargi is moderately wounded.
You barely miss Pargi. Your claw misses Pargi.
Pargi is moderately wounded.
Pargi bites you but does no damage. Pargi barely misses you. x2
You closely miss Pargi.
Pargi is moderately wounded.
Pargi bites you but does no damage. Pargi claws you.
Pargi claws you but does no damage.
You closely miss Pargi.
Pargi is moderately wounded.
Pargi bites you. Pargi completely misses you.
Pargi claws you but does no damage.
You miss Pargi.
Pargi is lightly wounded.
Pargi bites you! Pargi claws you but does no damage. Pargi claws you.
You barely miss Pargi.
Pargi is lightly wounded.
Pargi bites you. Pargi barely misses you. Pargi claws you.
You barely miss Pargi.
Pargi is lightly wounded.
Pargi barely misses you. Pargi claws you. x2
2880 ||| READING scroll of teleportation.
As you read the scroll of teleportation, it crumbles to dust.
You feel strangely unstable.
Pargi barely misses you. x2; Pargi claws you but does no damage.
You scratch Pargi.
Pargi is lightly wounded.
Pargi barely misses you. x2; Pargi closely misses you.
You barely miss Pargi.
Pargi is lightly wounded.
Pargi bites you. Pargi closely misses you. Pargi claws you.
You die...

....../..........>.......
#################.#######
###.. ..#.# ####...(.
#.#.# .......... #[#.#
........... #.#.#
........(...###.#.####.##
..h.....(...'%..#.......#
..#.#...g...#..T@.#####...
#.g\..... #.#####
.##.#.... #. . ...... '. .
..... .#. . ..... ..## #
...... ..####


You could see Pargi.

Vanquished Creatures
  A phantom (D:3)
  Jessica (D:2)
  Natasha (D:3)
  3 adders
  4 dart slugs
  An orc (D:3)
  7 endoplasms
  3 giant cockroaches (D:2)
  2 goblins
  5 hobgoblins
  3 kobolds
  A quokka (D:2)
  14 ball pythons
  2 bats
  4 frilled lizards
  6 rats
58 creatures vanquished.

Notes
Turn   | Place    | Note
-------+----------+-------------------------------------------
     0 | D:1      | qw the Ghoul Fire Elementalist began the quest for the Orb.
     0 | D:1      | Reached XP level 1. HP: 14/14 MP: 2/2
     0 | D:1      | 0 ||| qw: Version: 0.1-a-90-g952f4b7
     0 | D:1      | 0 ||| qw: Game counter: 3772
     0 | D:1      | 0 ||| qw: Always use a shield: true
     0 | D:1      | 0 ||| qw: God list: Okawaru
     0 | D:1      | 0 ||| qw: Allow faded altars: false
     0 | D:1      | 0 ||| qw: Do Orc after D:15 true
     0 | D:1      | 0 ||| qw: Do second Lair branch before Depths: true
     0 | D:1      | 0 ||| qw: Lair rune preference: random
     0 | D:1      | 0 ||| qw: Plans: Normal
     0 | D:1      | 0 ||| PLANNING D:1-11
    71 | D:1      | Found Ceppior's Jewellery Shoppe.
    79 | D:1      | 79 ||| SHOPLISTING +4 ring of evasion (468 gold, have 13).
    79 | D:1      | 79 ||| SHOPLISTING amulet of the acrobat (390 gold, have
                  | 13).
    79 | D:1      | 79 ||| SHOPLISTING ring of fire (325 gold, have 13).
    79 | D:1      | 79 ||| SHOPLISTING ring of protection from fire (325 gold,
                  | have 13).
   136 | D:1      | Reached skill level 1 in Unarmed Combat
   295 | D:1      | You fall into a shaft and drop 1 floor!
   327 | D:2      | 327 ||| READING scroll labelled LEBIOTYKAG.
   328 | D:2      | 328 ||| READING scroll labelled UQAING XEC ATYOS.
   333 | D:2      | 333 ||| READING scroll labelled PIGADOCK WIMO.
   334 | D:2      | 334 ||| DROPPING potion of magic.
   392 | D:1      | Reached skill level 1 in Fighting
   392 | D:1      | Reached XP level 2. HP: 23/23 MP: 3/3
   944 | D:1      | Reached skill level 2 in Unarmed Combat
  1044 | D:1      | 1044 ||| READING 2 scrolls labelled DOSE GOCOEBENO.
  1045 | D:1      | 1045 ||| READING scroll labelled NERUAMM OMMUME.
  1046 | D:1      | 1046 ||| READING scroll labelled MUACSA BACLE.
  1047 | D:1      | 1047 ||| DROPPING scroll of magic mapping.
  1102 | D:2      | 1102 ||| Stepping ~*~*~tactically~*~*~ (hiding).
  1114 | D:2      | Reached XP level 3. HP: 22/28 MP: 4/4
  1258 | D:2      | Reached skill level 3 in Unarmed Combat
  1258 | D:2      | 1258 ||| Stepping ~*~*~tactically~*~*~ (stealth).
  1279 | D:2      | Noticed Jessica
  1286 | D:2      | 1286 ||| Stepping ~*~*~tactically~*~*~ (outnumbered).
  1287 | D:2      | 1287 ||| Stepping ~*~*~tactically~*~*~ (outnumbered).
  1288 | D:2      | 1288 ||| Stepping ~*~*~tactically~*~*~ (outnumbered).
  1289 | D:2      | 1289 ||| Stepping ~*~*~tactically~*~*~ (outnumbered).
  1290 | D:2      | 1290 ||| Stepping ~*~*~tactically~*~*~ (outnumbered).
  1299 | D:2      | Killed Jessica
  1300 | D:2      | Reached XP level 4. HP: 29/35 MP: 5/5
  1494 | D:2      | Found Yneufe Bebapt's Antique Weapon Shop.
  1532 | D:2      | 1532 ||| Stepping ~*~*~tactically~*~*~ (stealth).
  1534 | D:2      | 1534 ||| Stepping ~*~*~tactically~*~*~ (stealth).
  1536 | D:2      | 1536 ||| Stepping ~*~*~tactically~*~*~ (stealth).
  1543 | D:2      | Reached skill level 4 in Unarmed Combat
  1575 | D:2      | 1575 ||| Stepping ~*~*~tactically~*~*~ (stealth).
  1577 | D:2      | 1577 ||| Stepping ~*~*~tactically~*~*~ (stealth).
  1719 | D:2      | 1719 ||| Stepping ~*~*~tactically~*~*~ (hiding).
  1722 | D:2      | 1722 ||| Stepping ~*~*~tactically~*~*~ (hiding).
  1749 | D:2      | Found a runed translucent door.
  1750 | D:2      | Noticed Crazy Yiuf
  1873 | D:2      | 1873 ||| UPGRADING to +0 ring mail.
  1883 | D:2      | 1883 ||| DROPPING +0 robe.
  1884 | D:2      | 1884 ||| UPGRADING to +6 ring of dexterity.
  1885 | D:2      | 1885 ||| READING 2 scrolls labelled GUMOEFREFORCH.
  1886 | D:2      | 1886 ||| READING scroll labelled DIOMURGH CANNU.
  1887 | D:2      | 1887 ||| READING 2 scrolls of identify.
  1887 | D:2      | 1887 ||| IDENTIFYING black potion
  1888 | D:2      | 1888 ||| DROPPING scroll of fear.
  1920 | D:3      | Found Zifob's General Store.
  1922 | D:3      | 1922 ||| STAIRDANCE
  1999 | D:3      | 1999 ||| STAIRDANCE
  2128 | D:3      | Noticed Ijyb
  2129 | D:3      | 2129 ||| Stepping ~*~*~tactically~*~*~ (hiding).
  2130 | D:3      | Noticed Pargi
  2131 | D:3      | 2131 ||| Stepping ~*~*~tactically~*~*~ (hiding).
  2132 | D:3      | 2132 ||| Stepping ~*~*~tactically~*~*~ (stealth).
  2132 | D:3      | Noticed Natasha
  2144 | D:3      | HP: 9/36 [constriction (3)]
  2145 | D:3      | 2145 ||| READING 2 scrolls of teleportation.
  2145 | D:3      | HP: 4/36 [Natasha/magic dart (5)]
  2146 | D:3      | 2146 ||| DRINKING potion of heal wounds.
  2239 | D:3      | 2239 ||| Stepping ~*~*~tactically~*~*~ (hiding).
  2341 | D:3      | 2341 ||| Stepping ~*~*~tactically~*~*~ (hiding).
  2443 | D:3      | 2443 ||| Stepping ~*~*~tactically~*~*~ (hiding).
  2569 | D:3      | Identified the +7 trident "Pozxiwas" {vorpal, rPois rCorr
                  | Str-2}
  2640 | D:3      | Reached XP level 5. HP: 41/41 MP: 6/6
  2729 | D:3      | Noticed a phantom
  2731 | D:3      | 2731 ||| Stepping ~*~*~tactically~*~*~ (stealth).
  2741 | D:3      | 2741 ||| Stepping ~*~*~tactically~*~*~ (outnumbered).
  2742 | D:3      | 2742 ||| Stepping ~*~*~tactically~*~*~ (outnumbered).
  2743 | D:3      | 2743 ||| Stepping ~*~*~tactically~*~*~ (outnumbered).
  2744 | D:3      | 2744 ||| Stepping ~*~*~tactically~*~*~ (outnumbered).
  2750 | D:3      | Killed a phantom
  2751 | D:3      | Reached skill level 5 in Unarmed Combat
  2863 | D:3      | 2863 ||| Stepping ~*~*~tactically~*~*~ (stealth).
  2865 | D:3      | Killed Natasha
  2866 | D:3      | Reached skill level 1 in Throwing
  2870 | D:3      | 2870 ||| Stepping ~*~*~tactically~*~*~ (stealth).
  2879 | D:3      | HP: 9/41 [Pargi (3)]
  2880 | D:3      | 2880 ||| READING scroll of teleportation.
  2882 | D:3      | HP: 4/41 [Pargi (4)]
  2882 | D:3      | Slain by Pargi

Levels and vault maps discovered:
D:1:      lemuel_arrival_muddy, layout_loops_corners, serial_shops, shop
D:2:      layout_rooms, serial_shops, shop, uniq_crazy_yiuf_cottage,
          uniq_jessica
D:3:      layout_basic, mainiacjoe_overflow_surrounded_room, serial_shops,
          nicolae_shop_crystal, dilly_ecumenical_altar_fadedgnrine,
          uniq_natasha, uniq_pargi, uniq_ijyb

Skill      XL: |  1  2  3  4  5 |
---------------+----------------+-----
Unarmed Combat | 1 2 3 4 5 |  5.1
Fighting       | 1 2 |  2.1
Throwing       | 1 |  1.1
Dodging        | |  1.7
Stealth        | |  2.1
Spellcasting   | |  1.7
Conjurations   | |  0.7
Fire Magic     | |  2.4

Action                   |  1- 3 |  4- 6 || total
-------------------------+-------+-------++-------
Melee: Unarmed           |    88 |    86 ||   174
       Punch             |     2 |     2 ||     4
Throw: Javelin           |    12 |    24 ||    36
  Use: Scroll            |     6 |     5 ||    11
       Potion            |       |     1 ||     1
Armor: Robe              |     6 |     5 ||    11
       Ring mail         |       |    21 ||    21
Dodge: Dodged            |    58 |    53 ||   111

Table legend:
 A = Non-vault XP
 B = Vault XP
 C = Vault XP percentage of total XP
 D = Non-vault monster count
 E = Vault monster count
 F = Vault count percentage of total count
                 A         B        C        D         E       F
            +---------+---------+-------+---------+---------+-------
      Total |     232 |      72 |  23.7 |      56 |       2 |   3.4
            +---------+---------+-------+---------+---------+-------
        D:1 |      25 |       0 |   0.0 |      15 |       0 |   0.0
        D:2 |      75 |      37 |  33.0 |      31 |       1 |   3.1
        D:3 |     132 |      35 |  21.0 |      10 |       1 |   9.1
            +---------+---------+-------+---------+---------+-------
